 Dungeon Crawl Stone Soup version 0.28-a0-1555-g9ae15a6949 (webtiles) character file.

Game seed: 2841200968528494669

375 issech the Cudgeller (level 6, -5/61 HPs)
             Began as a Troll Fighter on Jan 18, 2022.
             Killed by divine providence
             ... invoked by an orc priest
              (13 damage)
             ... on level 2 of the Dungeon.
             The game lasted 00:07:34 (1858 turns).

issech the Cudgeller (Troll Fighter)                Turns: 1858, Time: 00:07:34

Health: -5/61      AC:  5    Str: 27    XL:     6   Next: 44%
Magic:  5/5        EV:  9    Int:  4    God:
Gold:   84         SH:  7    Dex:  9    Spells: 5/5 levels left

rFire   . . .      SeeInvis .   a - +0 flail
rCold   . . .      Faith    .   c - +0 kite shield
rNeg    . . .      Spirit   .   b - +0 robe
rPois   .          Reflect  .   (helmet restricted)
rElec   .          Harm     .   s - +0 cloak
rCorr   .          Rampage  .   (gloves unavailable)
Will    .....                   (boots unavailable)
Stlth   +.........              (no amulet)
HPRegen 1.00/turn               (no ring)
MPRegen 0.09/turn               (no ring)

@: no status effects
A: large, unfitting armour, claws 3, regeneration 1, shaggy fur 1, tough skin 1
a: no special abilities


You were on level 2 of the Dungeon.
You visited 1 branch of the dungeon, and saw 3 of its levels.

You collected 84 gold pieces.

Inventory:

Hand Weapons
 a - a +0 flail (weapon)
 i - a +0 hunting sling
 j - a +0 dagger
 k - a +0 quarterstaff
 l - a +0 dagger
 m - a +0 hunting sling
 o - a +0 dagger
 p - a +0 club
 q - a +0 club
 r - a +0 club
 t - a +0 dagger
 u - a +0 club
 v - a +0 dagger
 y - a +0 dagger
 z - a +0 club
 C - a +1 whip of electrocution
 E - a +0 dagger
 I - a +0 arbalest
 J - a +0 dagger
 L - a +0 whip
 M - a +0 short sword
 O - a +0 dagger
Missiles
 w - 6 poisoned darts (quivered)
 x - 25 sling bullets
 B - 30 stones
Armour
 b - a +0 robe (worn)
 c - a +0 kite shield (worn)
 g - a +0 leather armour
 h - a +0 leather armour
 s - a +0 cloak (worn)
 H - a +0 chain mail
 K - a +0 scale mail
 N - a +0 leather armour
Jewellery
 F - a ring of protection from fire
Scrolls
 e - a scroll of enchant armour {unknown}
 n - 7 scrolls of identify {unknown}
 A - a scroll of vulnerability {unknown}
 D - a scroll of amnesia {unknown}
Potions
 d - a potion of might
 f - 2 potions of curing {unknown}
 G - 2 potions of brilliance {unknown}


   Skills:
 + Level 3.3 Fighting
 + Level 4.3 Maces & Flails
 + Level 3.4 Dodging
 + Level 0.4 Stealth
 + Level 3.2 Shields


You had 5 spell levels left.
You didn't know any spells.
Your spell library was empty.

Dungeon Overview and Level Annotations

Branches:
Dungeon (3/15)

Altars:


Innate Abilities, Weirdness & Mutations

You are too large for most types of armour.
You have claws for hands.
Your natural rate of healing is unusually fast.
You are covered in fur. (AC +1)
You have tough skin. (AC +1)


Message History

The jackal bites you but does no damage.
The orc priest mumbles some strange prayers to Beogh against you.
Beogh smites you!
The orc priest hits you with a +0 dagger.
* * * LOW HITPOINT WARNING * * *
The jackal misses you.
You barely miss the orc priest. The jackal barely misses you.
The jackal bites you.
* * * LOW HITPOINT WARNING * * *
You block the jackal's attack.
The orc priest hits you with a +0 dagger.
* * * LOW HITPOINT WARNING * * *
The jackal bites you but does no damage. x2
You block the jackal's attack. The jackal bites you.
* * * LOW HITPOINT WARNING * * *
You see here a +0 club.
The jackal closely misses you. You block the jackal's attack.
You block the orc priest's attack.
There is a stone staircase leading up here.
The jackal bites you.
* * * LOW HITPOINT WARNING * * *
The orc priest closely misses you.
The orc priest invokes the aid of Beogh against you.
Pain shoots through your body!
* * * LOW HITPOINT WARNING * * *
You climb upwards.
There is a stone staircase leading down here.
You hit the orc priest.
The orc priest is moderately wounded.
The jackal bites you but does no damage.
The orc priest hits you with a +0 dagger.
* * * LOW HITPOINT WARNING * * *
The orc priest closely misses you. The jackal bites you.
* * * LOW HITPOINT WARNING * * *
You hit the orc priest.
The orc priest is moderately wounded.
The jackal closely misses you.
The orc priest calls down the wrath of Beogh upon you.
Beogh smites you!
You die...

#.# ##...####...## #.#
#.....##...##### ##.#
###.≈≈≈.#........# #######..#
#...≈!≈...##.##..##### .....##.##
###.≈≈≈.#.#...#.......
.....##.######.....#..._...######
.............###..#..#...#.#
.....##.####..###o...##.##.######
.....##.# ##..o@.#........##....
......#.## #####h............###
#####....######..>..###.....###
###.†#.........#####..#..##
##..#<#####.#####........##
##.....#####.# #...####.÷÷.##
#..##..##....# #.### ###....
#.##.......#####.# ##...
#.#..###.#.......# ###.


You could see 2 orc priests and a jackal.

Vanquished Creatures
  Grinder (D:3)
  A howler monkey (D:3)
  An orc wizard (D:3)
  5 adders
  2 worms
  A dart slug (D:2)
  3 orcs (D:3)
  6 endoplasms
  2 giant cockroaches
  10 goblins
  3 hobgoblins
  5 kobolds
  5 quokkas
  6 bats
  3 frilled lizards
  2 rats
56 creatures vanquished.

Notes
Turn   | Place    | Note
-------+----------+-------------------------------------------
     0 | D:1      | issech the Troll Fighter began the quest for the Orb.
     0 | D:1      | Reached XP level 1. HP: 22/22 MP: 0/0
   285 | D:1      | Reached XP level 2. HP: 29/29 MP: 1/1
   422 | D:1      | Reached skill level 2 in Maces & Flails
   807 | D:2      | Reached XP level 3. HP: 27/36 MP: 2/2
   903 | D:2      | Found a faded altar of an unknown god.
  1154 | D:2      | Reached XP level 4. HP: 33/44 MP: 3/3
  1405 | D:3      | Noticed Grinder
  1429 | D:3      | Killed Grinder
  1430 | D:3      | Reached skill level 3 in Maces & Flails
  1430 | D:3      | Reached XP level 5. HP: 9/53 MP: 4/4
  1430 | D:3      | Reached XP level 6. HP: 10/61 MP: 5/5
  1703 | D:3      | Reached skill level 4 in Maces & Flails
  1858 | D:2      | Killed from afar by an orc priest

Illustrated notes

Levels and vault maps discovered:
D:1:      eino_arrival_tree_alley, layout_loops_ring,
          corexii_item_surrounded_by_moat
D:2:      layout_rooms, ebering_ecumenical_altar_box,
          corexii_item_surrounded_by_moat
D:3:      layout_basic, uniq_grinder

Skill      XL: |  1  2  3  4  5  6 |
---------------+-------------------+-----
Maces & Flails | 2 3 4 |  4.3
Dodging        | 3 |  3.4
Fighting       | 3 |  3.3
Shields        | 3 |  3.2
Stealth        | |  0.4

Action                   |  1- 3 |  4- 6 || total
-------------------------+-------+-------++-------
Melee: Flail             |    92 |    81 ||   173
 Stab: Distracted        |       |     1 ||     1
Armor: Robe              |    53 |    42 ||    95
Dodge: Dodged            |    49 |    46 ||    95
Block: Kite shield       |    40 |    38 ||    78

Table legend: (Time is in decaauts)
 A = Elapsed time spent in this place.
 B = Non-inter-level travel time spent in this place.
 C = Inter-level travel time spent in this place.
 D = Time resting spent in this place.
 E = Time spent auto-exploring this place.
 F = Levels seen in this place.
 G = Mean time per level.
                   A        B        C        D        E       F      G
               +--------+--------+--------+--------+--------+-----+--------+
         Total |   1925 |   1925 |      0 |    155 |    838 |   3 |  641.7 |
       Dungeon |   1925 |   1925 |      0 |    155 |    838 |   3 |  641.7 |
               +--------+--------+--------+--------+--------+-----+--------+

Top non-repeatable levels by time:
     D:1: 819 daAuts
     D:3: 567 daAuts
     D:2: 539 daAuts
